 Dungeon Crawl Stone Soup version 0.30.0-29-ga12c61a403 (webtiles) character file.

Game seed: 12093373511497928797

144 booth the Conjurer (level 5, -1/37 (40) HPs)
             Began as a Demonspawn Reaver on June 25, 2023.
             Slain by an orc
             ... wielding a +0 flail
              (3 damage)
             ... on level 3 of the Dungeon.
             The game lasted 00:21:52 (2323 turns).

booth the Conjurer (Demonspawn Reaver)              Turns: 2323, Time: 00:21:52

HP:   -1/37 (40)    AC:  3    Str: 14    XL:     5   Next: 5%
MP:   6/9           EV: 12    Int: 15    God:
Gold: 178           SH:  0    Dex: 11    Spells: 3/9 levels left

rFire   . . .        a - +1 hand axe (freeze)
rCold   . . .        (no shield)
rNeg    . . .        b - +0 leather armour
rPois   .            (no helmet)
rElec   .            (no cloak)
rCorr   .            (no gloves)
SInv    .            (no boots)
Will    .....        (no amulet)
Stlth   +            (no ring)
HPRegen 0.26/turn    (no ring)
MPRegen 0.11/turn

%: no passive effects
@: drained
A: powered by pain 1, demonic touch 1
a: no special abilities


You were on level 3 of the Dungeon.
You visited 1 branch of the dungeon, and saw 3 of its levels.

You collected 178 gold pieces.

Inventory:

Hand Weapons
 a - a +1 hand axe of freezing (weapon)
Missiles
 c - 8 poisoned darts (quivered)
Armour
 b - a +0 leather armour (worn)
Scrolls
 e - a scroll of magic mapping
 g - 2 scrolls of fear
 h - a scroll of fog
 i - a scroll of summoning {unknown}
 j - a scroll of teleportation
 k - a scroll of brand weapon
 l - a scroll of vulnerability {unknown}
Potions
 d - a potion of brilliance
 m - a potion of curing {unknown}


   Skills:
 + Level 2.8 Fighting
 * Level 3.4 Axes
 + Level 2.5 Dodging
 + Level 2.7 Spellcasting
 + Level 3.7 Conjurations


You had 3 spell levels left.
You knew the following spells:

 Your Spells              Type           Power      Damage    Failure   Level
a - Kiss of Death         Conj/Necr      28%        2d7       12%         1
b - Momentum Strike       Conj/Tloc      14%        3d8       19%         2
c - Hailstorm             Conj/Ice       7%         3d4       36%         3

Your spell library contained the following spells:

 Spells                   Type           Power      Damage    Failure   Level
 Beastly Appendage        Tmut           4%         N/A       26%         1
 Sandblast                Erth           4%         2d4       26%         1
 Passwall                 Tmut/Erth      1%         N/A       36%         2
 Stone Arrow              Conj/Erth      14%        3d7       36%         3
 Inner Flame              Hex/Fire       2%         N/A       61%         3
 Flame Wave               Conj/Fire      7%         2d5       77%         4
 Sticky Flame             Conj/Fire      7%         2d3       77%         4
 Alistair's Intoxication  Tmut/Pois      1%         N/A       100%        5
 Storm Form               Tmut/Air       1%         N/A       100%        7


Dungeon Overview and Level Annotations

Branches:
Dungeon (3/15)

Altars:
Makhleb
Okawaru

Shops:
D:1 (   D:3 (


Innate Abilities, Weirdness & Mutations

You sometimes gain a little power by taking damage.
Your touch may inflict minor irresistible damage on your foes.


Message History

The orc moves out of view.
Found a kite shield.
The orc shouts!
The orc hits you with a +0 whip.
The orc priest hits you with a +0 dagger.
You slash the orc priest! You freeze the orc priest.
The orc priest is severely wounded.
You closely miss the orc. The orc hits you with a +0 whip.
The orc priest hits you with a +0 dagger.
You hit the orc priest but do no damage.
The orc priest is severely wounded.
You hit the orc but do no damage.
The orc priest casts a cantrip, but nothing happens.
You hit the orc but do no damage. You closely miss the orc priest.
The orc misses you.
The orc priest invokes the aid of Beogh against you.
Beogh smites you!
The orc priest hits you with a +0 dagger.
You hit the orc. You freeze the orc.
The orc is heavily wounded.
You hit the orc priest but do no damage.
The orc hits you but does no damage.
Cast which spell? (? or * to list)
Aiming: Kiss of Death (safe; 13% risk of failure)
Press: ? - help, Shift-Dir - straight line, f - orc priest
Aim: an orc priest, wielding a +0 dagger (severely wounded, 100% to hit)
The negative energy hits the orc priest!
The orc priest is drained!
You kill the orc priest!
You feel drained.
The orc priest calls down the wrath of Beogh upon you.
Beogh smites you!
* * * LOW HITPOINT WARNING * * *
The orc misses you.
You have reached level 5!
Your demonic ancestry asserts itself...
You feel energised by your suffering.
It was a potion of cancellation.
You feel magically purged. The orc hits you with a +0 flail.
You die...

..# #.#..###.#.#
### #+ #.#..#
#.#.# #.
#.#..###.#.# ##.#
### #..........#
#... ..#
####.#######
##...##.# #.#
##...o.#.# #.#
.....oo#.######.#
#o@........#
###.######## ...#
##### #.# #.# #.#
#.# ##### #.#


You could see an orc priest and 3 orcs.

Vanquished Creatures
  An orc priest (D:3)
  3 adders (D:2)
  2 worms
  2 dart slugs (D:1)
  6 bats
  7 endoplasms
  3 giant cockroaches (D:1)
  7 goblins
  4 hobgoblins
  6 jackals
  13 kobolds
  3 quokkas
  7 ball pythons
  3 frilled lizards
  8 rats
75 creatures vanquished.

Notes
Turn   | Place    | Note
-------+----------+-------------------------------------------
     0 | D:1      | booth the Demonspawn Reaver began the quest for the Orb.
     0 | D:1      | Reached XP level 1. HP: 16/16 MP: 3/3
   337 | D:1      | Gained mutation: Your touch may inflict minor irresistible
                  | damage on your foes. [demonic ancestry]
   337 | D:1      | Reached XP level 2. HP: 22/22 MP: 5/5
   340 | D:1      | Learned a level 2 spell: Momentum Strike
   438 | D:1      | Got Sif Muna's Catalogue of the Mercurial Scorpion
   632 | D:1      | Reached XP level 3. HP: 24/28 MP: 6/6
   636 | D:1      | Learned a level 3 spell: Hailstorm
   724 | D:1      | Found Mikez's Weapon Boutique.
  1074 | D:2      | Found a burning altar of Makhleb.
  1500 | D:2      | Reached XP level 4. HP: 34/34 MP: 7/7
  1978 | D:3      | Noticed a +0 demon trident
  1982 | D:3      | Found Ubukeck's Weapon Shop.
  1984 | D:3      | Noticed a +0 quick blade
  2069 | D:3      | Found an iron altar of Okawaru.
  2323 | D:3      | Gained mutation: You sometimes gain a little power by
                  | taking damage. [demonic ancestry]
  2323 | D:3      | Reached XP level 5. HP: 2/37 MP: 6/9
  2323 | D:3      | Slain by an orc

Illustrated notes

Levels and vault maps discovered:
D:1:      tarquinn_simple_flora_water_a, layout_basic, serial_shops, shop,
          minmay_heptomino_l4
D:2:      wad_river_or_something, layout_rooms, basic_altar, minmay_vboxes
D:3:      layout_loops_corners, okawaru_metal_pillars_1_2, serial_shops,
          nicolae_shop_mannequins

Skill      XL: |  1  2  3 |
---------------+----------+-----
Dodging        | 2 |  2.5
Axes           | 3 |  3.4
Fighting       | |  2.8
Spellcasting   | |  2.7
Conjurations   | |  3.7

Action                     |  1- 3 |  4- 6 || total
---------------------------+-------+-------++-------
  Melee: Hand axe          |   109 |    67 ||   176
         Touch             |     8 |     5 ||    13
  Throw: Dart              |       |     5 ||     5
   Cast: Kiss of Death     |       |     1 ||     1
    Use: Scroll            |     4 |     3 ||     7
         Potion            |       |     2 ||     2
   Stab: Distracted        |       |     1 ||     1
 Armour: Leather armour    |    24 |    17 ||    41
  Dodge: Dodged            |    48 |    41 ||    89
